 Dungeon Crawl Stone Soup version 0.20-a0-1033-g05abe66 (webtiles) character file.

4 M4edhros the Grave Robber (level 1, -6/11 HPs)
             Began as an Octopode Necromancer on Apr 21, 2017.
             Mangled by Sigmund
             ... wielding a +0 scythe
              (10 damage)
             ... on level 2 of the Dungeon.
             The game lasted 00:00:33 (109 turns).

M4edhros the Grave Robber (Octopode Necromancer)     Turns: 109, Time: 00:00:34

Health: -6/11      AC:  1    Str:  7    XL:     1   Next: 60%
Magic:  3/3        EV: 13    Int: 17    God:
Gold:   0          SH:  0    Dex: 12    Spells: 3/4 levels left

rFire    + . .     SeeInvis .     - Unarmed
rCold    + . .     Gourm    .   (no shield)
rNeg     . . .     Faith    .   (helmet restricted)
rPois    +         Spirit   .   (no amulet)
rElec    +         Reflect  .   (no ring)
rCorr    +         Harm     .   (no ring)
MR       .....                  (no ring)
Stlth    +++.......             (no ring)
Regen    0.1/turn               (no ring)
MPRegen  0.1/turn               (no ring)
                                (no ring)
                                (no ring)

@: resistant
A: almost no armour, stealthy swim, amphibious, 8 rings, constrict 8, camouflage
1, gelatinous body 1
a: no special abilities


You were on level 2 of the Dungeon.
You were not hungry.

You visited 1 branch of the dungeon, and saw 2 of its levels.

Inventory:

Books
 a - a book of Necromancy

   Spells                             Type                      Level
   a - Pain                           Necromancy                   1
   b - Animate Skeleton               Necromancy                   1
   c - Vampiric Draining              Necromancy                   3
   d - Regeneration                   Charms/Necromancy            3
   e - Animate Dead                   Necromancy                   4
   f - Control Undead                 Necromancy                   4
Comestibles
 b - a bread ration
 d - a royal jelly


   Skills:
 - Level 2.0 Dodging
 - Level 2.6 Stealth
 + Level 1.1 Unarmed Combat
 - Level 2.0 Spellcasting
 - Level 4.0 Necromancy


You had 3 spell levels left.
You knew the following spells:

 Your Spells              Type           Power        Failure   Level  Hunger
a - Pain                  Necr           ###.         3%          1    #......


Dungeon Overview and Level Annotations

Branches:
Dungeon (2/15)

Altars:
Trog

Annotations:
D:2 Sigmund


Innate Abilities, Weirdness & Mutations

You cannot wear most types of armour.
You are very stealthy in the water. (Stealth+)
You are amphibious.
You can wear up to eight rings at the same time.
You can use your tentacles to constrict eight enemies at once.
Your skin changes colour to match your surroundings (Stealth+).
Your rubbery body absorbs attacks. (AC +1, EV +1)


Message History

You constrict Sigmund. Sigmund hits you but does no damage.
The kobold throws a stone.
The stone hits you.
You tentacle-slap Sigmund.
Sigmund is lightly wounded.
You constrict Sigmund, but do no damage.
The kobold throws a stone.
The stone hits you.
You tentacle-slap Sigmund.
Sigmund is moderately wounded.
You constrict Sigmund.
Sigmund giggles. "Time to reap what you sow."
Sigmund points at you and mumbles some strange words.
You resist with significant effort.
The kobold throws a stone.
The stone hits you but does no damage.
You barely miss Sigmund.
Sigmund is moderately wounded.
You constrict Sigmund, but do no damage.
The frilled lizard hisses angrily.
Sigmund hits you with a scythe!
Ouch! That really hurt!
You die... #. .# #. .# ###( #####.#### ... #.........
P PPP.

#.(..... ...P.P.
#####...#.#
PP.P.P.####.........#
...P...@...)........#
PPPPKP@####.........#
...P.P.
............##


PPPP P P.P...............##. Pw. ..P...P#########......... P.PPPlP.P.PPP
#..#####.# P.....P)l...P ##...### .# P.PPPPPPPPPPP ##......##. #.#..# #...#
##..........# You could see Sigmund, a kobold and a frilled lizard.

Vanquished Creatures
  A giant cockroach (D:2)
  2 kobolds
  2 rats (D:1)
5 creatures vanquished.

Notes
Turn   | Place    | Note
-------+----------+-------------------------------------------
     0 | D:1      | M4edhros the Octopode Necromancer began the quest for the Orb.
     0 | D:1      | Reached XP level 1. HP: 11/11 MP: 3/3
    29 | D:2      | Found a bloodstained altar of Trog.
    31 | D:2      | Reached skill level 1 in Unarmed Combat
    91 | D:2      | Noticed Sigmund
   109 | D:2      | Mangled by Sigmund

Vault maps used:
D:1:      dpeg_arrival_pits
D:2:      bloody_trog, minmay_hedge_maze, minmay_cupped,
          uniq_crazy_yiuf_cottage, uniq_sigmund

Skill      XL: |  1 |
---------------+----+-----
Unarmed Combat | 1 |  1.1
Dodging        | |  2.0
Stealth        | |  2.6
Spellcasting   | |  2.0
Necromancy     | |  4.0

Action                   || total
-------------------------++-------
Melee: Unarmed           ||     9
       Constrict         ||     3
 Cast: Pain              ||     4
  Use: Potion            ||     1
Dodge: Dodged            ||     1
